 Dungeon Crawl Stone Soup version 0.30-a0-2-gf48d83f5e2 (webtiles) character file.

Game seed: 15730451720325786333

2971 kae the Arsonist (level 9, -4/52 HPs)
             Began as a Deep Elf Fire Elementalist on Aug 19, 2022.
             Was a Follower of Vehumet.
             Shot with an arrow by a centaur (6 damage)
             ... on level 8 of the Dungeon.
             The game lasted 00:09:22 (9573 turns).

kae the Arsonist (Deep Elf Fire Elementalist)       Turns: 9573, Time: 00:09:23

Health: -4/52      AC:  4    Str: 11    XL:     9   Next: 53%
Magic:  1/21       EV: 16    Int: 25    God:    Vehumet [*.....]
Gold:   385        SH:  0    Dex: 19    Spells: 9/22 levels left

rFire   . . .      SeeInvis .    w - +7 hand axe "Nyeff" {flame, rElec Dex+4}
rCold   + . .      Faith    .    (no shield)
rNeg    . . .      Spirit   .    a - +0 robe
rPois   .          Reflect  .    (no helmet)
rElec   +          Harm     .    o - +1 cloak {Will+}
rCorr   .          Rampage  .    (no gloves)
Will    +....                    (no boots)
Stlth   ++........               (no amulet)
HPRegen 0.17/turn                S - +6 ring of strength
MPRegen 0.17/turn                C - ring of protection from cold

@: no status effects
A: no striking features
a: Renounce Religion


You were on level 8 of the Dungeon.
You worshipped Vehumet.
Vehumet was aware of your devotion.
You visited 1 branch of the dungeon, and saw 8 of its levels.
You also visited: Sewer.

You collected 385 gold pieces.


   Skills:
 + Level 4.1 Fighting
 + Level 6.3 Dodging
 - Level 2.4 Stealth
 + Level 7.1 Spellcasting
 * Level 7.8 Conjurations
 * Level 8.5 Fire Magic


You had 9 spell levels left.
You knew the following spells:

 Your Spells              Type           Power      Damage    Failure   Level
a - Foxfire               Conj/Fire      100%       2x1d9     1%          1
b - Scorch                Fire           100%       2d10      1%          2
c - Conjure Flame         Conj/Fire      49%        6-21      1%          3
d - Inner Flame           Hex/Fire       30%        N/A       3%          3
e - Flame Wave            Conj/Fire      49%        2d12      2%          4

Your spell library contained the following spells:

 Spells                   Type           Power      Damage    Failure   Level
 Shock                    Conj/Air       100%       1d9       1%          1
 Beastly Appendage        Tmut           16%        N/A       7%          1
 Ensorcelled Hibernation  Hex/Ice        16%        N/A       10%         2
 Wereblood                Tmut           8%         N/A       10%         2
 Frozen Ramparts          Ice            16%        1d3       21%         3
 Gell's Gravitas          Tloc           8%         N/A       21%         3
 Lesser Beckoning         Tloc           8%         N/A       21%         3
 Spider Form              Tmut/Pois      8%         N/A       21%         3
 Teleport Other           Tloc           8%         N/A       21%         3
 Anguish                  Hex/Necr       4%         N/A       54%         4
 Ice Form                 Ice/Tmut       8%         N/A       54%         4
 Summon Ice Beast         Ice/Summ       8%         N/A       54%         4
 Yara's Violent Unravell  Hex/Tmut       4%         3d4       88%         5
 Dispersal                Tloc           4%         N/A       100%        6

Inventory:

Hand Weapons
 f - a +1 vorpal hammer
   (You found it on level 2 of the Dungeon)
 p - a +4 quarterstaff of chaos
   (You took it off Crazy Yiuf on level 2 of the Dungeon)
 w - the +7 hand axe "Nyeff" (weapon) {flame, rElec Dex+4}
   (You took it off a goblin on level 4 of the Dungeon)

   It burns those it strikes, dealing additional fire damage.
   Big, fiery blades are also staple armaments of hydra-hunters.
   Dex:       It affects your dexterity (+4).
   rElec:     It insulates you from electricity.
 G - the +4 broad axe of the Gnat {drain, rElec Will+ Str+4 Dex+2}
   (You took it off an orc on level 7 of the Dungeon)

   A truly terrible weapon, it drains the life of any living foe it strikes.
   Str:       It affects your strength (+4).
   Dex:       It affects your dexterity (+2).
   rElec:     It insulates you from electricity.
   Will:      It increases your willpower.
Missiles
 c - 58 stones
 l - 6 poisoned darts
 r - 5 curare-tipped darts {=f}
 B - a boomerang
 D - 2 datura-tipped darts
 E - 6 javelins
 H - 4 boomerangs of dispersal {=f!f}
Armour
 a - a +0 robe (worn)
 o - a +1 cloak of willpower (worn)
   (You took it off Crazy Yiuf on level 2 of the Dungeon)
Magical Staves
 j - a staff of air {!a}
   (You found it on level 1 of the Dungeon)
Jewellery
 C - a ring of protection from cold (right hand)
   (You found it on level 4 of the Dungeon)
 S - a +6 ring of strength (left hand)
   (You found it on level 2 of the Dungeon)
Wands
 k - a wand of flame (19)
   (You took it off Natasha on level 3 of the Dungeon)
 s - a wand of paralysis (9)
   (You found it on level 3 of the Dungeon)
 v - a wand of light (10)
   (You found it on level 6 of the Dungeon)
Scrolls
 n - 2 scrolls of fear
 t - a scroll of blinking {!r}
 y - a scroll of teleportation {@r4}
 A - 2 scrolls of amnesia
Potions
 b - 2 potions of magic
 d - 3 potions of resistance {unknown}
 e - 2 potions of berserk rage {!q}
 g - 6 potions of mutation {!q}
 h - a potion of might
 i - a potion of curing {@q1}
 m - 4 potions of haste {@q3}
 q - a potion of lignification {unknown}
 u - 2 potions of ambrosia {unknown}
 x - a potion of invisibility {unknown}
 z - 3 potions of attraction {!q}
 F - a potion of brilliance

Dungeon Overview and Level Annotations

Branches:
Dungeon (8/15) Zot: 26937  Temple (0/1) D:6           Sewer (visited)
   Lair: D:8-11

Altars:
Dithmenos
Kikubaaqudgha
Okawaru
Uskayaw
Vehumet

Shops:
D:3 =   D:7 =

Annotations:
D:4 Edmund
D:8 exclusion: two-headed ogre

...........# .
...........# ...
...........#
....c#######.........#
#.โ€
cยงยง###.........#
#####..##.........#
##ยง.######.####
##...####...#
###.@)##...#
###......# ####...#
#...# #####


You could see a centaur.


Message History

The killer bee is engulfed in blazing flames.
Vehumet accepts your kill.
The killer bee explodes!
The fiery explosion engulfs the killer bee!!
You kill the killer bee!
Vehumet accepts your kill.
You hear an angry buzzing noise.
You hear a bellow! x2
Your Fighting skill increases to level 4! ๐Ÿ˜• MP[-1]
You lost 1 mp, and now have 7/21 mp.
Casting: Foxfire (safe; 1% risk of failure)
Confirm with . or Enter, or press ? or * to list all spells.
You conjure some foxfire!
The foxfire hits the wraith. ๐Ÿ˜• MP[-1]
You lost 1 mp, and now have 6/21 mp.
Casting: Foxfire (safe; 1% risk of failure)
Confirm with . or Enter, or press ? or * to list all spells.
You conjure some foxfire!
The foxfire hits the killer bee.
The foxfire hits the killer bee. x2 ๐Ÿ˜• HP[+1]
Casting: Foxfire (safe; 1% risk of failure)
Confirm with . or Enter, or press ? or * to list all spells.
You conjure some foxfire!
The foxfire hits the killer bee. ๐Ÿ˜• MP[-1]
You lost 1 mp, and now have 5/21 mp.
Casting: Foxfire (safe; 1% risk of failure)
Confirm with . or Enter, or press ? or * to list all spells.
Aiming: Inner Flame (dangerous; 3% risk of failure)
Press: ? - help, Dir - move target, f - killer bee
Aim: a killer bee (lightly wounded, chance to affect: 88%)
The killer bee is filled with an inner flame.
The foxfire hits the killer bee. ๐Ÿ˜• MP[-3]
You lost 3 mp, and now have 2/21 mp.
Casting: Inner Flame (dangerous; 3% risk of failure)
Confirm with . or Enter, or press ? or * to list all spells.
You conjure some foxfire!
The foxfire hits the killer bee.
You kill the killer bee!
Vehumet accepts your kill.
The foxfire hits the killer bee! ๐Ÿ˜• MP[-1]
You lost 1 mp, and now have 1/21 mp.
Casting: Foxfire (safe; 1% risk of failure)
Confirm with . or Enter, or press ? or * to list all spells.
You conjure some foxfire! ๐Ÿ˜• HP[+1]
Casting: Foxfire (safe; 1% risk of failure)
Confirm with . or Enter, or press ? or * to list all spells.
You conjure some foxfire!
The foxfire hits the killer bee. x2
You kill the killer bee!
Vehumet accepts your kill.
The foxfire hits the killer bee.
Flame seeps out of the killer bee.
The foxfire hits the killer bee.
Flame seeps out of the killer bee. ๐Ÿ˜• MP[-1]
You lost 1 mp, and now have 0/21 mp.
Unknown command.
Unknown command.
You hit the killer bee.
Flame seeps out of the killer bee.
You burn the killer bee.
Flame seeps out of the killer bee.
The killer bee closely misses you. The killer bee misses you.
You closely miss the killer bee. The killer bee closely misses you.
The killer bee barely misses you.
A centaur comes into view.
The killer bee closely misses you. ๐Ÿ˜• HP[+1] MP[+1] Unknown command.
The centaur shouts!
You hit the killer bee.
Flame seeps out of the killer bee.
You burn the killer bee.
Flame seeps out of the killer bee.
You hear a bellow!
The killer bee is engulfed in blazing flames.
Vehumet accepts your kill.
The killer bee explodes!
The fiery explosion engulfs the wraith!!
You destroy the wraith!
Vehumet accepts your kill. The fiery explosion engulfs you!!
* * * LOW HITPOINT WARNING * * *
The centaur wields a +0 shortbow.
The centaur shoots an arrow.
The arrow hits you!
* * * LOW HITPOINT WARNING * * *
The centaur shoots an arrow.
The arrow hits you!
* * * LOW HITPOINT WARNING * * *
Your Spellcasting skill increases to level 7!
Unknown command. ๐Ÿ˜ฑ HP[-35]
You take 35 damage, and now have 9/52 hp.
MASSIVE DAMAGE!! (PAUSE)
The centaur shoots an arrow.
The arrow misses you.
Unknown command.
The centaur shoots an arrow.
The arrow hits you!
* * * LOW HITPOINT WARNING * * *
๐Ÿ˜ฑ HP[-7]
You take 7 damage, and now have 2/52 hp.
Unknown command.
The centaur shoots an arrow.
The arrow hits you.
You die...

Skill      XL: |  1  2  3  4  5  6  7  8  9 |
---------------+----------------------------+-----
Conjurations   | 2 3 4 5 6 7 |  7.8
Fire Magic     | 4 5 6 7 8 |  8.5
Fighting       | 1 2 3 4 |  4.1
Dodging        | 3 4 5 6 |  6.3
Spellcasting   | 4 5 6 7 |  7.1
Stealth        | |  2.4

Action                   |  1- 3 |  4- 6 |  7- 9 || total
-------------------------+-------+-------+-------++-------
Melee: Mace              |       |     5 |     2 ||     7
       Hand axe          |       |       |     5 ||     5
 Cast: Foxfire           |    55 |    83 |   172 ||   310
       Scorch            |     5 |    14 |    63 ||    82
       Conjure Flame     |       |     1 |     2 ||     3
       Inner Flame       |       |     1 |     9 ||    10
       Flame Wave        |       |       |     1 ||     1
  Use: Scroll            |     3 |     4 |     9 ||    16
       Potion            |       |     3 |     1 ||     4
Armor: Robe              |     9 |     4 |    17 ||    30
Dodge: Dodged            |    20 |    23 |    78 ||   121

Levels and vault maps discovered:
D:1:      tarquinn_simple_flora_water_c, layout_loops_cross, glass_columns_c,
          minmay_misc_feat_columns, hangedman_abyss_or_decor_lesser_grid,
          kennysheep_pointless_box
D:2:      layout_basic, hellmonk_ecumenical_altar_pennies_from_heaven,
          chequers_serial_rivers_micro_d, amcnicky_mini_pool_small,
          uniq_jessica, uniq_crazy_yiuf_cottage, uniq_robin
D:3:      layout_loops_ring, nicolae_kikubaaqudgha_miasma_corner,
          lemuel_tele_altar, serial_shops, shop, chequers_serial_rivers_room_a,
          uniq_natasha, uniq_grinder
D:4:      layout_basic, fedhas_altar_4, gup_sewer_entry_pipe, serial_rivers,
          chequers_serial_rivers_marsh, chequers_serial_rivers_micro_d,
          chequers_serial_rivers_micro_e, chequers_serial_rivers_small_a,
          chequers_serial_rivers_small_b, uniq_edmund
D:5:      layout_loops_ring, mainiacjoe_overflow_small_starburst,
          lemuel_coloured_pillars_altar
D:6:      layout_basic, mainiacjoe_overflow_cross_hatched, temple_green
D:7:      layout_basic, serial_shops, nicolae_shop_hallway_plus, uniq_menkaure
D:8:      layout_rooms

Notes
Turn   | Place    | Note
-------+----------+-------------------------------------------
     0 | D:1      | kae the Deep Elf Fire Elementalist began the quest for the
                  | Orb.
     0 | D:1      | Reached XP level 1. HP: 10/10 MP: 6/6
     0 | D:1      | magus.rc [v1.11.3]
   188 | D:1      | HP: 1/10 [frozen (5)]
   474 | D:1      | You pick up a book of Dreams and begin reading...
   474 | D:1      | You add the spells Ensorcelled Hibernation, Spider Form and
                  | Anguish to your library.
   530 | D:1      | Reached XP level 2. HP: 8/15 MP: 4/8
   981 | D:1      | Learned a level 2 spell: Scorch
  1216 | D:1      | Reached skill level 2 in Conjurations
  1218 | D:1      | Reached XP level 3. HP: 14/20 MP: 1/9
  1614 | D:2      | Noticed Jessica
  1633 | D:2      | Killed Jessica
  1634 | D:2      | Reached skill level 4 in Fire Magic
  1710 | D:2      | Reached XP level 4. HP: 24/24 MP: 6/11
  1738 | D:2      | Reached skill level 1 in Fighting
  1769 | D:2      | Found a faded altar of an unknown god.
  1836 | D:2      | Identified the +0 hat "Meshriy" {*Slow Fly rElec}
  2177 | D:2      | Noticed Robin
  2186 | D:2      | Killed Robin
  2187 | D:2      | Reached skill level 3 in Dodging
  2469 | D:2      | Found a runed translucent door.
  2470 | D:2      | Noticed Crazy Yiuf
  2709 | D:2      | Learned a level 3 spell: Conjure Flame
  2713 | D:2      | Learned a level 3 spell: Inner Flame
  2803 | D:2      | Killed Crazy Yiuf
  2804 | D:2      | Reached skill level 3 in Conjurations
  2804 | D:2      | Reached XP level 5. HP: 29/29 MP: 5/12
  2966 | D:3      | You pick up a book of Rime and begin reading...
  2966 | D:3      | You add the spells Frozen Ramparts, Ice Form and Summon Ice
                  | Beast to your library.
  3001 | D:3      | Found a hide-covered altar of Uskayaw.
  3128 | D:3      | Noticed Grinder
  3138 | D:3      | Killed Grinder
  3139 | D:3      | Reached skill level 4 in Spellcasting
  3139 | D:3      | Reached skill level 5 in Fire Magic
  3139 | D:3      | Reached XP level 6. HP: 24/35 MP: 5/14
  3508 | D:3      | Reached skill level 4 in Conjurations
  3695 | D:3      | Noticed Natasha
  3701 | D:3      | Killed Natasha
  3739 | D:3      | You pick up a book of Changes and begin reading...
  3739 | D:3      | You add the spells Beastly Appendage and Wereblood to your
                  | library.
  3776 | D:3      | Found Ufuj's Jewellery Shop.
  3822 | D:3      | Found an ancient bone altar of Kikubaaqudgha.
  3972 | D:3      | Noticed Natasha
  3977 | D:3      | HP: 6/35 [Natasha/puff of flame (11)]
  3995 | D:3      | Killed Natasha
  4315 | D:3      | Noticed Natasha
  4323 | D:3      | Killed Natasha
  4324 | D:3      | Reached skill level 2 in Fighting
  4456 | D:4      | Reached skill level 4 in Dodging
  4456 | D:4      | Reached XP level 7. HP: 36/40 MP: 8/15
  4625 | D:4      | Identified the +7 hand axe "Nyeff" {flame, rElec Dex+4}
  4629 | D:4      | HP: 8/40 [goblin/the +7 hand axe "Nyeff" {flame, rElec
                  | Dex+4} (4)]
  4655 | D:4      | You add the spells Gell's Gravitas, Teleport Other and
                  | Dispersal to your library.
  4765 | D:4      | Found a glowing drain.
  4784 | Sewer    | Entered a sewer
  4998 | Sewer    | Reached skill level 5 in Spellcasting
  5059 | Sewer    | Reached skill level 5 in Conjurations
  5059 | Sewer    | Reached skill level 6 in Fire Magic
  5579 | Sewer    | magus.rc [v1.11.3]
  5784 | D:4      | Noticed Edmund
  6123 | D:4      | You fall into a shaft and drop 1 floor!
  6123 | D:5      | Entered Level 5 of the Dungeon
  6129 | D:5      | Learned a level 4 spell: Flame Wave
  6147 | D:5      | HP: 6/40 [iguana (6)]
  6525 | D:5      | Reached XP level 8. HP: 37/45 MP: 10/17
  6646 | D:5      | Found a radiant altar of Vehumet.
  6667 | D:5      | Got Teulyimp's Verses on the Figure
  6702 | D:5      | You pick up a book of Displacement and begin reading...
  6776 | D:5      | HP: 6/45 [centaur/arrow (11)]
  7142 | D:5      | Became a worshipper of Vehumet
  7283 | D:5      | Reached skill level 5 in Dodging
  7368 | D:5      | Reached skill level 3 in Fighting
  7404 | D:5      | Reached skill level 6 in Conjurations
  7412 | D:5      | Found a shadowy altar of Dithmenos.
  7583 | D:6      | Reached skill level 7 in Fire Magic
  7839 | D:6      | Found an iron altar of Okawaru.
  7878 | D:6      | Reached skill level 6 in Spellcasting
  7960 | D:6      | You pick up a book of Displacement and begin reading...
  8363 | D:6      | Found a staircase to the Ecumenical Temple.
  8632 | D:7      | Reached XP level 9. HP: 51/51 MP: 12/20
  8634 | D:7      | Noticed Menkaure
  8639 | D:7      | Killed Menkaure
  8640 | D:7      | Reached skill level 7 in Conjurations
  8887 | D:7      | Found Kyjyuqod's Jewellery Shop.
  9027 | D:7      | Identified the +4 broad axe of the Gnat {drain, rElec Will+
                  | Str+4 Dex+2}
  9047 | D:7      | Reached skill level 6 in Dodging
  9047 | D:7      | Reached skill level 8 in Fire Magic
  9140 | D:7      | Reached * piety under Vehumet
  9140 | D:7      | Offered knowledge of Shock by Vehumet.
  9515 | D:8      | Noticed a two-headed ogre
  9554 | D:8      | Reached skill level 4 in Fighting
  9569 | D:8      | HP: 9/52 [centaur/arrow (8)]
  9570 | D:8      | Reached skill level 7 in Spellcasting
  9572 | D:8      | HP: 2/52 [centaur/arrow (7)]
  9573 | D:8      | Shot with an arrow by a centaur

Vanquished Creatures
  Grinder (D:3)
  A wraith (D:8)
  Menkaure (D:7)
  2 sky beasts
  An ice beast (D:7)
  A black bear (D:7)
  A centaur (D:5)
  4 phantoms
  A kobold brigand (D:6)
  2 gnoll sergeants
  3 bullfrogs (D:7)
  A necrophage (D:5)
  2 scorpions
  6 killer bees (D:8)
  A howler monkey (D:5)
  3 hounds
  2 jellies
  Crazy Yiuf (D:2)
  2 orc priests
  Jessica (D:2)
  A gnoll bouda (D:5)
  3 iguanas
  Natasha (thrice) (D:3)
  An orc wizard (D:5)
  Robin (D:2)
  18 gnolls
  7 adders
  6 river rats (Sewer)
  An ufetubus (D:7)
  2 worms
  A dart slug (D:1)
  16 orcs
  8 ball pythons
  8 endoplasms
  5 giant cockroaches (D:4)
  12 hobgoblins
  7 jackals
  6 quokkas
  9 bats
  9 frilled lizards
  16 goblins
  14 kobolds
  14 rats
205 creatures vanquished.

Vanquished Creatures (others)
  534 foxfires
  3 plants (D:6)
537 creatures vanquished.

Grand Total: 742 creatures vanquished

Table legend:
 A = Non-vault XP
 B = Vault XP
 C = Vault XP percentage of total XP
 D = Non-vault monster count
 E = Vault monster count
 F = Vault count percentage of total count
                 A         B        C        D         E       F
            +---------+---------+-------+---------+---------+-------
      Total |    3483 |     762 |  18.0 |     152 |      53 |  25.9
            +---------+---------+-------+---------+---------+-------
        D:1 |      41 |       0 |   0.0 |      26 |       0 |   0.0
        D:2 |      49 |     114 |  69.9 |      21 |      14 |  40.0
        D:3 |     170 |     312 |  64.7 |      22 |       2 |   8.3
        D:4 |     418 |      14 |   3.2 |      23 |       7 |  23.3
        D:5 |     677 |       0 |   0.0 |      20 |       0 |   0.0
        D:6 |     629 |       0 |   0.0 |      16 |       0 |   0.0
        D:7 |     930 |     172 |  15.6 |      17 |       1 |   5.6
        D:8 |     569 |       0 |   0.0 |       7 |       0 |   0.0
      Sewer |       0 |     150 | 100.0 |       0 |      29 | 100.0
            +---------+---------+-------+---------+---------+-------

Illustrated notes

Table legend:
 A = Kills in this place as a percentage of kills in entire the game.
 B = Kills by you in this place as a percentage of kills by you in the entire game.
 C = Kills by friends in this place as a percentage of kills by friends in the entire game.
 D = Other kills in this place as a percentage of other kills in the entire game.
 E = Experience gained in this place as a percentage of experience gained in the entire game.
 F = Experience gained in this place divided by the number of levels of this place that you have seen.
                   A       B       C       D       E      F
               +-------+-------+-------+-------+-------+----------------------
         Total | 100.0 | 100.0 |   N/A |   N/A | 100.0 | 471.7
       Dungeon |  85.9 |  85.9 |   N/A |   N/A |  96.5 | 511.9
         Sewer |  14.1 |  14.1 |   N/A |   N/A |   3.5 | 150.0
               +-------+-------+-------+-------+-------+----------------------

Table legend: (Time is in decaauts)
 A = Elapsed time spent in this place.
 B = Non-inter-level travel time spent in this place.
 C = Inter-level travel time spent in this place.
 D = Time resting spent in this place.
 E = Time spent auto-exploring this place.
 F = Levels seen in this place.
 G = Mean time per level.
                   A        B        C        D        E       F      G
               +--------+--------+--------+--------+--------+-----+--------+
         Total |   9648 |   9307 |    341 |    267 |   7515 |   9 | 1072.0 |
       Dungeon |   8748 |   8407 |    341 |    240 |   6847 |   8 | 1093.5 |
         Sewer |    900 |    900 |      0 |     27 |    668 |   1 |  900.0 |
               +--------+--------+--------+--------+--------+-----+--------+

Top non-repeatable levels by time:
     D:3: 1581 daAuts
     D:2: 1502 daAuts
     D:5: 1441 daAuts
     D:1: 1427 daAuts
     D:6: 1047 daAuts
     D:7: 900 daAuts
   Sewer: 900 daAuts
     D:4: 785 daAuts
     D:8: 61 daAuts
